 Dungeon Crawl Stone Soup version 0.18.1-6-gd335043 (webtiles) character file.

143755 Liquid the Fencer (level 17, -4/146 HPs)
             Began as a Naga Berserker on May 19, 2016.
             Was the Champion of Trog.
             Slain by a jumping spider (8 damage)
             ... on level 3 of the Spider Nest.
             The game lasted 01:53:54 (26786 turns).

Liquid the Fencer (Naga Berserker)                 Turns: 26786, Time: 01:53:55

Health: -4/146     AC: 32    Str: 19 (20) XL:     17   Next: 38%
Magic:  0/36       EV: 13    Int:  7      God:    Trog [******]
Gold:   2000       SH:  0    Dex: 20      Spells: 0 memorised, 16 levels left

rFire  . . .     SeeInvis +     w - +8 scimitar of Olemab {vamp, rC+ MP+9}
rCold  + + .     Gourm    .     Y - +5 ring mail of Efrioxoqon {rPois rC+}
rNeg   + + .     Faith    .     H - +0 large shield
rPois  +         Spirit   +     a - +2 hat {Spirit}
rElec  +         Dismiss  +     K - +2 cloak
rCorr  .         Reflect  .     e - +0 pair of gloves
SustAt .         Harm     .     F - +1 naga barding
MR     +++++     NoTele   +     A - amulet of Cekugob {Dismiss -Tele rElec rPois rN++ AC+1 EV+1}
Stlth  +.........               V - ring of Afey {rElec MR+++ MP+9 AC+2 Str-3}
                                W - ring "Byaxt" {Str+3 Slay+2}

@: confused, lethally poisoned (-4 -> -5), very slow, almost entirely resistant
to hostile enchantments, very unstealthy
A: stinger 1, repulsion field 1, see invisible, agile 1, deformed body,
deterioration 1, frail 1, high mp 1, poison resistance, slowness 2, slow
metabolism 1, spit poison 3, evolution 1, constrict 1, sturdy frame 1, AC +5
a: Breathe Poison Gas, Berserk, Trog's Hand, Brothers in Arms, Burn Spellbooks,
Renounce Religion


You were on level 3 of the Spider Nest.
You worshipped Trog.
Trog was exalted by your worship.
You were not hungry.

You visited 4 branches of the dungeon, and saw 28 of its levels.
You visited 1 bazaar.
You also visited: Sewer, Ossuary and Ice Cave.

You collected 3605 gold pieces.
You spent 1605 gold pieces at shops.

Inventory:

Hand Weapons
 w - the +8 scimitar of Olemab (weapon) {vamp, rC+ MP+9}
   (You bought it in a shop on level 2 of the Orcish Mines)

   It inflicts no extra harm, but heals its wielder somewhat when it strikes a
   living foe.
   It protects you from cold.
   It affects your magic capacity (+9).
 Z - a +1 double sword of holy wrath
Armour
 a - a +2 hat of spirit shield (worn)
 b - the +3 chain mail of Elyvilon's Displeasure {Str+2}
   (You found it on level 1 of the Lair of Beasts)

   It affects your strength (+2).
 e - a +0 pair of gloves (worn)
 x - the +2 buckler of Loss {rF+ rC+ rN+ MR+}
   (You found it on level 1 of the Lair of Beasts)

   It protects you from fire.
   It protects you from cold.
   It protects you from negative energy.
   It affects your resistance to hostile enchantments.
 F - a +1 naga barding (worn)
 H - a +0 large shield (worn)
 K - a +2 cloak (worn)
 Y - the +5 ring mail of Efrioxoqon (worn) {rPois rC+}
   (You found it on level 8 of the Lair of Beasts)

   It protects you from cold.
   It protects you from poison.
Jewellery
 i - an uncursed ring of fire
 r - an uncursed ring of ice
 A - the amulet of Cekugob (around neck) {Dismiss -Tele rElec rPois rN++ AC+1 EV+1}
   (You found it on level 13 of the Dungeon)

   [amulet of dismissal]

   It may teleport away creatures that harm you.
   It affects your AC (+1).
   It affects your evasion (+1).
   It insulates you from electricity.
   It protects you from poison.
   It greatly protects you from negative energy.
   It prevents most forms of teleportation.
 N - a +4 amulet of reflection
 Q - an uncursed ring of sustain attributes
 U - an uncursed ring of resist corrosion
 V - the ring of Afey (right hand) {rElec MR+++ MP+9 AC+2 Str-3}
   (You bought it in a shop in a bazaar)

   [ring of protection]

   It affects your AC (+2).
   It affects your strength (-3).
   It insulates you from electricity.
   It affects your resistance to hostile enchantments.
   It affects your magic capacity (+9).
 W - the ring "Byaxt" (left hand) {Str+3 Slay+2}
   (You found it in an ice cave)

   [ring of strength]

   It affects your strength (+3).
   It affects your accuracy and damage with ranged weapons and melee attacks
   (+2).
Wands
 g - a wand of lightning (6/15)
 G - a wand of confusion (35/48)
 M - a wand of heal wounds (5/9)
Scrolls
 d - a scroll of identify
 l - 3 scrolls of recharging
 m - 3 scrolls of blinking
 n - 5 scrolls of remove curse
 s - 3 scrolls of magic mapping
 t - 2 scrolls of enchant weapon
 v - 5 scrolls of enchant armour
 y - 2 scrolls of fog
 J - 10 scrolls of teleportation
 T - 8 scrolls of fear
 X - a scroll of holy word
Potions
 h - 15 potions of curing
 j - a potion of resistance
 k - 9 potions of haste
 o - 3 potions of invisibility
 p - a potion of ambrosia
 u - 2 potions of cure mutation
 z - 2 potions of cancellation
 C - 2 potions of might
 D - 2 potions of berserk rage
 E - 2 potions of magic
 I - a potion of agility
 L - a potion of brilliance
 P - 2 potions of flight
 S - 2 potions of heal wounds
Comestibles
 c - 13 bread rations
 f - 5 chunks of flesh
 q - 23 fruits
 B - 8 meat rations
 O - 12 slices of pizza
 R - a royal jelly


   Skills:
 + Level 13.1 Fighting
 * Level 17.6 Long Blades
 + Level 10.4 Armour
 - Level 5.0 Dodging
 - Level 10.1 Stealth
 * Level 13.2 Shields


You had 16 spell levels left.
You didn't know any spells.

Dungeon Overview and Level Annotations

Branches:
Dungeon (15/15)            Temple (0/1) D:4            Lair (8/8) D:11
 Shoals (0/4) Lair:3       Spider (3/4) Lair:6        Slime (0/6) Lair:7
    Orc (2/2) D:12            Elf (0/3) Orc:2        Vaults (0/5) D:14
 Depths (0/5) D:15

Altars:
Cheibriados
Dithmenos
Fedhas
Nemelex Xobeh
Trog
Vehumet
Yredelemnul
Jiyva

Shops:
D:11 (   Orc:2 [?((


Innate Abilities, Weirdness & Mutations

You cannot wear boots.
Your serpentine skin is tough (AC +5).
You have supernaturally acute eyesight.
Armour fits poorly on your strangely shaped body.
Your system is resistant to poisons.
You cover ground very slowly.
You have a slow metabolism.
You can exhale a cloud of poison.
You can use your snake-like lower body to constrict enemies.
Your tail ends in a poisonous barb.
You are surrounded by a mild repulsion field (EV +2).
You are agile. (Dex +2)
Your body sometimes deteriorates upon taking damage.
You are frail (-10% HP).
You have an increased reservoir of magic (+10% MP).
You evolve.
Your movements are slightly less encumbered by armour (ER -2).


Message History

* * * LOW HITPOINT WARNING * * *
The amulet of Cekugob {Dismiss -Tele rElec rPois rN++ AC+1 EV+1} vibrates suddenly!
The tarantella disappears!
The tarantella bites you!
* * * LOW HITPOINT WARNING * * *
The jumping spider leaps!
The tarantella bites you.
* * * LOW HITPOINT WARNING * * *
You slash the tarantella!
You feel better.
Your tail-slap misses the tarantella.
The tarantella is almost dead.
You feel sick. The tarantella bites you!
* * * LOW HITPOINT WARNING * * *
You closely miss the tarantella.
The tarantella is almost dead.
The tarantella bites you but does no damage.
You feel sick.
The tarantella bites you but does no damage. x2
The jumping spider barely misses you. The jumping spider closely misses you.
The tarantella bites you but does no damage.
The jumping spider pounces on you!
You die...

#^...(.............#..
#..................#^.
#.................###.
#.............#...###^ #..
###.........††..#...### #...
#.............†.....# #
....####............^.....##
....^#.....s.s.............##
............@.....##........#
#..........^....####..##.##
##.............^## #...###
#............#.## #...####
#...........#### #......#
#^..#..........# ##....^##
##. ##..........# #...#.## #.
...........## #.##### #.
..#........## ###


You could see a jumping spider and a tarantella.

Vanquished Creatures
  Gastronok (Lair:3)
  Donald (Spider:1)
  An ettin (Orc:2)
  Snorg (Lair:5)
  A vault guard (D:14)
  Josephine (Lair:4)
  An ice dragon (IceCv)
  2 entropy weavers
  2 catoblepae
  8 hydras
  2 ogre magi
  A death knight (D:15)
  A catoblepas (shapeshifter) (D:15)
  Erica (D:10)
  2 centaur warriors
  3 death yaks (Lair:6)
  3 orc high priests (Orc:2)
  A fire crab (Lair:8)
  6 unseen horrors
  7 orc knights
  7 hill giants
  An anubis guard (shapeshifter) (D:10)
  11 ugly things
  5 orb spiders
  3 deep elf magi (D:15)
  The ghost of Moloch the Carver, a novice DrFi of Okawaru (D:7)
  5 orc sorcerers
  11 wolf spiders
  A harpy (shapeshifter) (D:15)
  6 griffons
  24 elephants
  A hornet (Spider:2)
  A cyclops (D:14)
  A spectral centaur (D:15)
  2 sirens (Lair:3)
  9 black mambas
  3 torpor snails
  2 ice statues (IceCv)
  2 gargoyles
  6 centaur skeletons
  28 spiny frogs
  4 rime drakes
  3 efreet
  2 demonic crawlers (Spider:3)
  16 komodo dragons
  4 giant leeches (Lair:8)
  2 freezing wraiths (D:15)
  10 trolls
  2 polar bears
  16 jumping spiders
  5 two-headed ogres
  9 slime creatures
  24 blink frogs
  49 redbacks
  8 wraiths
  A spriggan (D:9)
  2 shadows
  14 tarantellas
  2 hill giant zombies (D:12)
  47 yaks
  5 basilisks
  5 wyverns
  4 hungry ghosts
  12 hippogriffs
  3 wargs (Orc:2)
  Edmund (D:6)
  17 vampire mosquitoes
  A soldier ant (D:13)
  2 hell hounds (D:11)
  13 water moccasins
  12 porcupines
  31 orc warriors
  17 ice beasts
  7 sky beasts
  2 black bears
  5 phantoms
  2 necrophages (D:10)
  13 ogres
  3 wasps
  13 wolves
  9 crocodiles
  9 centaurs
  A big kobold (D:13)
  The ghost of Tux the Ruffian, an amateur VSMo (D:3)
  37 giant frogs
  2 gnoll sergeants
  3 wyvern zombies
  3 scorpions
  A wyvern skeleton (D:10)
  3 troll zombies (D:12)
  17 killer bees
  19 wights
  2 howler monkeys
  6 electric eels
  12 crimson imps
  7 centaur zombies
  4 hounds
  2 jellies
  Crazy Yiuf (D:3)
  18 orc priests
  4 giant frog skeletons
  7 iguanas
  33 orc wizards
  12 worker ants
  A statue (D:4)
  A killer bee zombie (D:8)
  6 sheep (Lair:6)
  3 ogre zombies (D:12)
  A hound zombie (D:6)
  A hound skeleton (D:7)
  2 mummies
  2 worker ant zombies
  A howler monkey skeleton (D:7)
  8 gnolls
  27 adders
  54 river rats
  5 shadow imps
  An ooze (D:5)
  3 adder skeletons
  2 adder zombies
  2 worms (D:3)
  10 giant geckos
  74 orcs
  6 bats
  14 giant cockroaches
  4 goblins (D:1)
  7 hobgoblins
  20 jackals
  16 kobolds
  4 quokkas
  8 ball pythons
  11 giant newts
  4 gnoll skeletons (Ossuary)
  A goblin skeleton (D:12)
  5 goblin zombies (D:12)
  3 hobgoblin zombies (D:12)
  7 kobold skeletons (Ossuary)
  16 orc skeletons
  14 orc zombies (D:12)
  9 rats
  A fungus (Lair:4)
  A plant (Lair:8)
1132 creatures vanquished.

Vanquished Creatures (collateral kills)
  An ice dragon (IceCv)
  A troll (Orc:2)
  A yak (D:10)
  A vampire mosquito (D:10)
  An orc warrior (Orc:2)
  An orc priest (Orc:2)
  4 orcs (Orc:2)
10 creatures vanquished.

Vanquished Creatures (others)
  A wolf spider simulacrum (D:14)
  An orc wizard (Orc:2)
  6 fungi
  5 plants
13 creatures vanquished.

Grand Total: 1155 creatures vanquished

Notes
Turn   | Place    | Note
--------------------------------------------------------------
     0 | D:1      | Liquid the Naga Berserker began the quest for the Orb.
     0 | D:1      | Reached XP level 1. HP: 21/21 MP: 1/1
    48 | D:1      | HP: 1/21 [kobold/short sword (4)]
   487 | D:1      | Reached skill level 1 in Stealth
   538 | D:1      | Reached XP level 2. HP: 28/28 MP: 2/2
  1123 | D:1      | Reached XP level 3. HP: 34/34 MP: 3/3
  1954 | D:2      | Reached ** piety under Trog
  1954 | D:2      | Reached XP level 4. HP: 41/42 MP: 4/4
  2013 | D:2      | Reached skill level 4 in Long Blades
  2198 | D:2      | Found a bloodstained altar of Trog.
  2254 | D:2      | Found a basalt altar of Yredelemnul.
  2359 | D:3      | Noticed Tux's ghost (amateur VSMo)
  2370 | D:3      | Killed Tux's ghost
  2370 | D:3      | Reached XP level 5. HP: 50/50 MP: 2/5
  2481 | D:3      | Noticed Crazy Yiuf
  2489 | D:3      | Killed Crazy Yiuf
  2519 | D:3      | Noticed an ogre
  2527 | D:3      | Killed an ogre
  2527 | D:3      | Reached skill level 5 in Long Blades
  2527 | D:3      | Reached XP level 6. HP: 30/57 MP: 3/6
  2589 | D:3      | Reached skill level 5 in Stealth
  2852 | D:3      | Reached XP level 7. HP: 25/66 MP: 2/7
  3411 | D:4      | Found a radiant altar of Vehumet.
  3426 | D:4      | Found a sand-covered staircase.
  3447 | Ossuary  | Entered an ossuary
  3447 | Ossuary  | Noticed a wraith
  3447 | Ossuary  | Noticed a wraith
  3447 | Ossuary  | Noticed a wraith
  3472 | Ossuary  | Reached skill level 5 in Fighting
  3750 | Ossuary  | Noticed a wraith
  3768 | Ossuary  | Killed a wraith
  3768 | Ossuary  | Reached skill level 6 in Long Blades
  3883 | D:4      | Reached XP level 8. HP: 74/74 MP: 8/8
  3934 | D:4      | Found a glowing drain.
  3945 | Sewer    | Entered a sewer
  3983 | Sewer    | Reached *** piety under Trog
  4207 | D:4      | Found a staircase to the Ecumenical Temple.
  4445 | D:5      | Entered Level 5 of the Dungeon
  4605 | D:5      | Gained mutation: Your movements are slightly less encumbered by armour (ER -2). [mutagenic meat]
  4606 | D:5      | Gained mutation: Your muscles are strong. (Str +2) [mutagenic meat]
  4639 | D:5      | Reached skill level 7 in Long Blades
  5204 | D:6      | Noticed Edmund
  5268 | D:6      | Killed Edmund
  5268 | D:6      | Reached XP level 9. HP: 70/82 MP: 5/9
  5347 | D:6      | Lost mutation: Your muscles are strong. (Str +2) [mutagenic meat]
  5348 | D:6      | Gained mutation: You are resistant to electric shocks. [mutagenic meat]
  5349 | D:6      | Gained mutation: You are agile. (Dex +2) [mutagenic meat]
  5351 | D:6      | Gained mutation: You are somewhat resistant to further mutation. [mutagenic meat]
  5541 | D:6      | Reached **** piety under Trog
  5590 | D:6      | Found a shadowy altar of Dithmenos.
  5720 | D:6      | Reached skill level 8 in Long Blades
  6278 | D:7      | Noticed a hill giant
  6292 | D:7      | Noticed Moloch's ghost (novice DrFi)
  6299 | D:7      | Killed a hill giant
  6319 | D:7      | HP: 3/85 [orc priest/divine providence (14)]
  6359 | D:7      | Killed Moloch's ghost
  6359 | D:7      | Reached skill level 9 in Long Blades
  6359 | D:7      | Reached XP level 10. HP: 56/92 MP: 3/10
  6710 | D:7      | Found a snail-covered altar of Cheibriados.
  7496 | D:8      | Reached skill level 10 in Stealth
  7781 | D:8      | Found a sparkling altar of Nemelex Xobeh.
  7783 | D:8      | Found a blossoming altar of Fedhas.
  8000 | D:8      | Reached skill level 5 in Dodging
  8423 | D:9      | Reached skill level 1 in Shields
  8743 | D:9      | Reached skill level 10 in Long Blades
  8955 | D:9      | Reached XP level 11. HP: 90/102 MP: 9/11
  8959 | D:9      | Reached skill level 5 in Armour
  9094 | D:10     | Entered Level 10 of the Dungeon
 10009 | D:10     | Noticed a lindwurm
 10024 | D:10     | Noticed Erica
 10026 | D:10     | Noticed an anubis guard
 10026 | D:10     | a lindwurm changed into an anubis guard
 10028 | D:10     | Killed an anubis guard
 10040 | D:10     | Killed Erica
 10059 | D:10     | Lost mutation: You are agile. (Dex +2) [mutagenic meat]
 10105 | D:10     | Reached skill level 11 in Long Blades
 10642 | D:11     | Found a staircase to the Lair.
 10675 | D:11     | Gained mutation: You can exhale a cloud of poison. [mutagenic meat]
 10759 | D:11     | Noticed an unseen horror
 10774 | D:11     | Killed an unseen horror
 10829 | D:11     | Reached skill level 5 in Shields
 10979 | D:11     | Identified the Disquisition on Talismans and the Arsonist
 11023 | D:11     | Reached XP level 12. HP: 72/112 MP: 12/12
 11100 | D:11     | Found Asi Xacy's Antique Weapon Emporium.
 11343 | D:11     | Reached ***** piety under Trog
 11454 | D:12     | Reached skill level 12 in Long Blades
 11532 | D:12     | Found a staircase to the Orcish Mines.
 11783 | D:12     | Gained mutation: You are frail (-10% HP). [potion of mutation]
 11783 | D:12     | Gained mutation: You are agile. (Dex +2) [potion of mutation]
 11989 | D:12     | Gained mutation: You are surrounded by a mild repulsion field (EV +2). [mutagenic meat]
 12274 | Lair:1   | Entered Level 1 of the Lair of Beasts
 12424 | Lair:1   | Gained mutation: You can use your snake-like lower body to constrict enemies. [Naga growth]
 12424 | Lair:1   | Reached XP level 13. HP: 84/108 MP: 11/13
 12433 | Lair:1   | Got a spiked chain mail
 12448 | Lair:1   | Identified the +3 chain mail of Elyvilon's Displeasure {Str+2} (You found it on level 1 of the Lair of Beasts)
 12531 | Lair:1   | Got a heavily runed buckler
 12542 | Lair:1   | Identified the +2 buckler of Loss {rF+ rC+ rN+ MR+} (You found it on level 1 of the Lair of Beasts)
 12610 | Lair:1   | Reached skill level 13 in Long Blades
 12791 | Lair:1   | Received a gift from Trog
 12791 | Lair:1   | Reached skill level 10 in Fighting
 13910 | Lair:2   | Received a gift from Trog
 14544 | Lair:3   | Noticed Gastronok
 14559 | Lair:3   | Killed Gastronok
 14559 | Lair:3   | Reached XP level 14. HP: 91/119 MP: 14/14
 14639 | Lair:3   | Found a staircase to the Shoals.
 14937 | Lair:4   | Reached skill level 14 in Long Blades
 15132 | Lair:4   | Noticed Josephine
 15143 | Lair:4   | Killed Josephine
 15584 | Lair:5   | Noticed Snorg
 15602 | Lair:5   | Killed Snorg
 16277 | Lair:5   | Received a gift from Trog
 16540 | Lair:6   | Reached skill level 10 in Shields
 16842 | Lair:6   | Found a hole to the Spider Nest.
 17752 | Lair:7   | Reached skill level 15 in Long Blades
 17829 | Lair:7   | Reached XP level 15. HP: 125/127 MP: 15/15
 18055 | Lair:7   | Found a viscous altar of Jiyva.
 18056 | Lair:7   | Found a staircase to the Slime Pits.
 18307 | Lair:8   | Entered Level 8 of the Lair of Beasts
 18379 | Lair:8   | Reached ****** piety under Trog
 18467 | Lair:8   | Found a frozen archway.
 18499 | Lair:8   | Received a gift from Trog
 18542 | IceCv    | Entered an ice cave
 18731 | IceCv    | Got a pitted turquoise ring
 18766 | IceCv    | Identified the ring "Byaxt" {Str+3 Slay+2} (You found it in an ice cave)
 19580 | Lair:8   | Got a scorched pewter ring
 19596 | Lair:8   | Identified the ring "Deesuch" {-Tele rPois Str+4 Int+2 SInv} (You found it on level 8 of the Lair of Beasts)
 19604 | Lair:8   | Got a heavily runed ring mail
 19615 | Lair:8   | Identified the +5 ring mail of Efrioxoqon {rPois rC+} (You found it on level 8 of the Lair of Beasts)
 20010 | Orc:1    | Entered Level 1 of the Orcish Mines
 20281 | Orc:2    | Entered Level 2 of the Orcish Mines
 20366 | Orc:2    | Found a staircase to the Elven Halls.
 20601 | Orc:2    | Reached skill level 16 in Long Blades
 20628 | Orc:2    | Found Iliufaud's Armour Boutique.
 20628 | Orc:2    | Found Fenosust's Antique Weapon Emporium.
 20630 | Orc:2    | Found Gyorph's Magic Scroll Boutique.
 20630 | Orc:2    | Found Gideecet's Weapon Emporium.
 20641 | Orc:2    | Bought a scroll of teleportation for 39 gold pieces
 20641 | Orc:2    | Bought a scroll of identify for 26 gold pieces
 20641 | Orc:2    | Bought a scroll of identify for 26 gold pieces
 20641 | Orc:2    | Bought a scroll of magic mapping for 45 gold pieces
 20641 | Orc:2    | Bought a scroll of blinking for 97 gold pieces
 20641 | Orc:2    | Bought a scroll of enchant weapon for 97 gold pieces
 20641 | Orc:2    | Bought a scroll of identify for 26 gold pieces
 20644 | Orc:2    | Bought a jewelled scimitar for 270 gold pieces
 20645 | Orc:2    | Identified the +8 scimitar of Olemab {vamp, rC+ MP+9} (You bought it in a shop on level 2 of the Orcish Mines)
 21457 | D:13     | Got a jewelled long sword
 21458 | D:13     | Identified the +5 long sword "Haff" {pain, rElec} (You found it on level 13 of the Dungeon)
 21473 | D:13     | Reached XP level 16. HP: 136/136 MP: 16/16
 21709 | D:13     | Received a gift from Trog
 22173 | D:14     | Found a gate to the Vaults.
 22237 | D:14     | Found a flickering gateway to a bazaar.
 22250 | Bazaar   | Entered a bazaar
 22254 | Bazaar   | Found Guloz's Antique Weapon Shop.
 22262 | Bazaar   | Found Cauheegg's Magic Scroll Shop.
 22272 | Bazaar   | Bought a scroll of enchant armour for 90 gold pieces
 22272 | Bazaar   | Bought 2 scrolls of identify for 48 gold pieces
 22272 | Bazaar   | Bought a scroll of teleportation for 36 gold pieces
 22275 | Bazaar   | Found Tivemot's Jewellery Emporium.
 22286 | Bazaar   | Found Zuann's General Store.
 22294 | Bazaar   | Bought a scroll of teleportation for 51 gold pieces
 22294 | Bazaar   | Bought a scroll of magic mapping for 59 gold pieces
 22294 | Bazaar   | Found Wiasos's Antique Armour Boutique.
 22302 | Bazaar   | Bought a warped leather armour for 140 gold pieces
 22302 | Bazaar   | Bought a distressingly furry scale mail for 180 gold pieces
 22302 | Bazaar   | Identified the +2 leather armour "Sushad" {*Corrode Dex+6 Stlth+} (You bought it in a shop in a bazaar)
 22303 | Bazaar   | Identified the cursed +0 scale mail of the Camelopard {rElec Dex+3} (You bought it in a shop in a bazaar)
 22317 | Bazaar   | Bought the ring of Afey {rElec MR+++ MP+9 AC+2 Str-3} for 375 gold pieces
 22711 | D:14     | Gained mutation: You have an increased reservoir of magic (+10% MP). [mutagenic meat]
 22712 | D:14     | Lost mutation: You are somewhat resistant to further mutation. [mutagenic meat]
 22713 | D:14     | Lost mutation: You are resistant to electric shocks. [mutagenic meat]
 22714 | D:14     | Gained mutation: You are weak. (Str -2) [mutagenic meat]
 22715 | D:14     | Gained mutation: You evolve. [mutagenic meat]
 22943 | D:14     | Gained mutation: Your body sometimes deteriorates upon taking damage. [evolution]
 23327 | D:15     | Entered Level 15 of the Dungeon
 23406 | D:15     | Gained mutation: Your tail ends in a poisonous barb. [mutagenic meat]
 23407 | D:15     | Lost mutation: You are weak. (Str -2) [mutagenic meat]
 23907 | D:15     | Reached skill level 10 in Armour
 24115 | D:15     | Found a staircase to the Depths.
 24220 | D:15     | Received a gift from Trog
 24352 | D:15     | Reached skill level 17 in Long Blades
 24848 | Spider:1 | Entered Level 1 of the Spider Nest
 25180 | Spider:1 | Reached XP level 17. HP: 145/145 MP: 18/18
 25365 | Spider:1 | Noticed Donald
 25534 | Spider:1 | Killed Donald
 25563 | Spider:1 | You fall through a shaft!
 26450 | Spider:3 | Received a gift from Trog
 26781 | Spider:3 | HP: 3/146 [tarantella (5)]
 26786 | Spider:3 | Slain by a jumping spider

Skill      XL: |  1  2  3  4  5  6  7  8  9 10 11 12 13 14 15 16 17 |
---------------+----------------------------------------------------+-----
Stealth        | 1 2 4 5 6 8 9 10 | 10.1
Long Blades    | 4 5 6 7 9 10 11 12 13 15 16 17 | 17.6
Fighting       | 4 5 6 7 8 9 10 11 12 13 | 13.1
Dodging        | 2 3 4 5 |  5.0
Armour         | 2 3 4 6 7 8 9 10 | 10.4
Shields        | 2 5 7 9 10 11 12 13 | 13.2

Action                   |  1- 3 |  4- 6 |  7- 9 | 10-12 | 13-15 | 16-18 || total
-------------------------+-------+-------+-------+-------+-------+-------++-------
Melee: Falchion          |   104 |   147 |   611 |   471 |       |       ||  1333
       Scimitar          |       |       |       |   669 |  1319 |   837 ||  2825
       Constrict         |       |       |       |       |   259 |   178 ||   437
       Tailslap          |       |       |       |       |       |   134 ||   134
Invok: Berserk           |     2 |     1 |     4 |     4 |     2 |       ||    13
       Trog's Hand       |       |     3 |     9 |     9 |    10 |     4 ||    35
       Brothers in Arms  |       |       |       |     2 |     2 |       ||     4
       Burn Spellbooks   |       |       |       |     1 |       |     1 ||     2
 Abil: Spit Poison       |     1 |    13 |    25 |    34 |       |       ||    73
       Breathe Poison Ga |       |       |       |    17 |    53 |    10 ||    80
  Use: Scroll            |     6 |       |    10 |    12 |    13 |    12 ||    53
       Potion            |       |     1 |     3 |     6 |     1 |       ||    11
 Stab: Sleeping          |     2 |     5 |    14 |    16 |    13 |    18 ||    68
       Distracted        |       |       |       |     6 |     5 |     3 ||    14
       Petrified         |       |       |       |       |     4 |       ||     4
  Eat: Chunk             |     4 |     5 |    20 |    33 |    35 |    24 ||   121
       Royal jelly       |       |       |     1 |       |       |       ||     1
       Fruit             |       |       |     1 |     3 |       |       ||     4
       Meat ration       |       |       |       |     3 |     1 |     1 ||     5
       Beef jerky        |       |       |       |     1 |     1 |     2 ||     4
       Bread ration      |       |       |       |       |     1 |       ||     1
Armor: Animal skin       |    24 |    45 |     1 |       |       |       ||    70
       Leather armour    |       |       |   145 |       |       |       ||   145
       Ring mail         |       |       |   134 |   423 |    71 |   402 ||  1030
       Chain mail        |       |       |       |       |   417 |       ||   417
Dodge: Dodged            |    69 |    87 |   467 |   732 |   406 |   382 ||  2143
Block: Large shield      |       |       |       |   348 |  1330 |   793 ||  2471
       Buckler           |       |       |       |       |    46 |       ||    46
       Reflection        |       |       |       |       |     8 |       ||     8
